Map: Temple of the Past

Players

NamroodTuo

  • Race: Terran Terran
  • Spawn Location: 0:00

OLEG

  • Race: Terran Terran
  • Spawn Location: 0:00

VOD

Have the link to the VOD?

Description

Time

  • Played on: Jan. 20, 2023, 9:43 a.m.
  • Length: 26:29
Show
View Real Time Build Order
Export as new Build Order

NamroodTuo Terran 

Build Orders:  

Get SALT Encoding   

  12  0:03  SCV  
  13  0:16  SCV  
  14  0:30  SCV  
  15  0:51  Factory  
  15  1:05  Supply Depot  
  15  1:24  Refinery  
  15  1:26  Refinery  
  15  1:35  SCV  
  16  1:44  Supply Depot  
  16  1:48  SCV  
  17  2:02  SCV  
  18  2:15  SCV  
  19  2:29  SCV  
  20  2:34  Factory Tech Lab  
  20  2:42  SCV  
  21  2:56  SCV  
  22  3:09  SCV  
  22  3:19  Perdition Turret  
  23  3:23  SCV  
  24  3:37  SCV  
  25  3:43  Devastation Turret  
  25  3:44  Perdition Turret  
  25  4:02  Perdition Turret  
  25  4:08  Devastation Turret  
  25  4:12  Perdition Turret  
  25  4:27  Perdition Turret  
  25  5:15  Armory, SCV  
  25  5:18  Perdition Turret  
  26  5:29  SCV  
  27  5:41  Devastation Turret  
  27  5:43  SCV  
  28  5:56  SCV  
  29  6:09  Perdition Turret  
  29  6:10  SCV, Supply Depot  
  30  6:22  Engineering Bay  
  30  6:23  SCV  
  31  6:32  Devastation Turret  
  31  6:40  SCV  
  31  6:41  Supply Depot  
  32  6:50  Perdition Turret  
  32  6:51  Perdition Turret x2  
  32  6:52  Perdition Turret  
  32  6:53  SCV  
  32  6:57  Perdition Turret  
  33  7:01  Perdition Turret  
  33  7:03  Perdition Turret  
  32  7:13  Perdition Turret  
  32  7:21  Hi-Sec Auto Tracking  
  32  7:24  Terran Vehicle and Ship Weapons Level 1, Devastation Turret  
  32  7:32  Perdition Turret  
  32  7:34  Perdition Turret x2  
  32  7:38  Perdition Turret  
  32  7:40  Devastation Turret  
  32  7:55  Upgrade Laser Drill Level 1  
  32  8:18  Perdition Turret  
  32  8:19  Perdition Turret  
  32  8:21  Structure Armor, Perdition Turret  
  32  9:42  Infernal Pre-Igniter  
  32  9:43  Factory  
  32  9:55  Supply Depot  
  32  10:04  Terran Vehicle And Ship Armor Level 1  
  31  10:28  Supply Depot  
  30  10:32  Siege Tank  
  32  10:42  Maelstrom Rounds  
  32  10:59  Supply Depot  
  32  11:08  Siege Tank  
  32  11:44  Siege Tank  
  30  12:20  Siege Tank  
  30  12:34  Factory  
  30  12:37  Devastation Turret  
  29  12:43  Devastation Turret  
  29  12:49  Hellbat, Devastation Turret  
  29  12:52  Perdition Turret x2  
  29  12:53  Perdition Turret  
  29  12:54  Perdition Turret x2  
  29  12:56  Perdition Turret x2  
  29  12:57  SCV  
  32  13:11  SCV  
  32  13:19  Siege Tank  
  36  13:23  Devastation Turret  
  36  13:24  SCV  
  36  13:25  Perdition Turret x2  
  36  13:26  Perdition Turret x3  
  36  13:28  Perdition Turret  
  37  13:38  SCV  
  37  13:51  SCV, Perdition Turret  
  37  13:55  Siege Tank  
  41  14:05  SCV  
  41  14:09  Factory  
  42  14:16  Devastation Turret  
  42  14:17  Spinning Dizzy  
  42  14:31  Siege Tank  
  45  14:41  Spinning Dizzy  
  45  14:44  Perdition Turret  
  45  14:49  Spinning Dizzy  
  45  15:12  Spinning Dizzy  
  45  15:20  Spinning Dizzy  
  45  15:29  Cyclone  
  48  15:41  Factory Tech Lab  
  48  15:44  Factory Tech Lab  
  48  15:51  SCV  
  49  16:04  SCV  
  50  16:12  Cyclone  
  50  16:18  SCV  
  54  16:43  Devastation Turret  
  54  17:12  Spinning Dizzy  
  54  17:14  Command Center  
  54  17:51  Devastation Turret  
  54  17:54  Cyclone x2  
  60  18:03  SCV  
  61  18:17  SCV  
  62  18:30  SCV  
  63  18:48  Supply Depot  
  63  18:54  SCV, Cyclone  
  67  19:12  Siege Tank x4  
  67  19:15  Perdition Turret  
  67  19:17  Perdition Turret  
  53  19:21  Supply Depot  
  50  19:47  Siege Tank x4  
  50  19:58  Siege Tank x2  
  50  19:59  Siege Tank  
  59  20:29  SCV  
  60  20:34  Siege Tank x2  
  60  20:35  Siege Tank  
  69  20:42  SCV  
  70  20:51  Siege Tank x2  
  70  20:52  Perdition Turret, Siege Tank x5  
  70  20:53  Perdition Turret x2  
  70  20:55  Perdition Turret  
  70  20:56  SCV  
  70  20:58  Perdition Turret  
  70  20:59  Perdition Turret  
  70  21:09  SCV  
  67  21:10  Siege Tank  
  71  21:23  SCV  
  71  21:25  Perdition Turret  
  71  21:26  Perdition Turret  
  72  21:39  Siege Tank x5  
  65  22:25  Siege Tank x2  
  65  22:26  Siege Tank  
  74  22:35  Siege Tank x4  
  74  22:43  Supply Depot  
  74  22:48  SCV  
  70  22:52  Perdition Turret  
  70  22:54  Perdition Turret  
  70  22:58  Perdition Turret  
  70  22:59  Perdition Turret  
  68  23:01  Siege Tank x2  
  68  23:02  SCV, Siege Tank  
  78  23:14  Supply Depot  
  78  23:15  SCV  
  73  23:29  SCV  
  71  23:37  Siege Tank x2  
  71  23:38  Siege Tank  
  68  23:47  Supply Depot  
  40  24:46  Devastation Turret  
  40  25:04  Cyclone x3  
  49  25:10  SCV  
  49  25:13  Spinning Dizzy  
  50  25:24  SCV  
  51  25:33  Perdition Turret  
  51  25:36  Perdition Turret x2  
  51  25:37  Perdition Turret  
  51  25:38  SCV  
  51  25:39  Cyclone  
  52  25:40  Cyclone x2  
  52  25:46  Refinery  
  60  25:51  SCV, Refinery  
Show
View Real Time Build Order
Export as new Build Order

OLEG Terran 

Build Orders:  

Get SALT Encoding   

  12  0:06  SCV  
  13  0:25  Refinery  
  13  0:31  SCV  
  14  0:46  Refinery  
  14  0:49  SCV  
  15  1:09  SCV  
  16  1:28  Barracks  
  16  1:36  SCV  
  17  1:59  SCV  
  18  2:19  SCV  
  19  2:36  SCV  
  20  2:40  Barracks Tech Lab  
  20  2:53  SCV  
  20  2:55  Factory  
  21  3:19  SCV  
  22  3:59  Factory Tech Lab  
  22  4:09  Armory  
  22  4:46  Elite Marine  
  26  5:28  Terran Vehicle and Ship Weapons Level 1  
  26  5:45  Ghost Visor  
  26  6:03  Refinery  
  26  6:30  Caduceus Reactor  
  26  6:54  Refinery  
  26  7:10  Railgun Turret  
  26  7:15  Operational Efficiency  
  26  7:37  Railgun Turret  
  26  7:42  Command Center  
  26  7:54  Jump Jet Assault  
  26  8:05  Railgun Turret  
  26  8:08  Terran Vehicle And Ship Armor Level 1  
  26  8:15  Infernal Projectiles  
  26  8:16  Ares-Class Targeting System  
  26  8:32  Railgun Turret  
  26  8:46  Lockdown Missiles  
  26  8:55  Griffin Airstrike  
  26  9:00  Railgun Turret  
  26  9:27  Railgun Turret  
  26  9:31  Graduating Range  
  26  9:55  Railgun Turret  
  26  9:56  Strike Goliath  
  32  10:21  Defensive Drone  
  32  10:58  Elite Marine  
  30  11:27  Defensive Drone  
  29  12:03  SCV  
  30  12:20  SCV  
  30  12:29  Strike Goliath  
  37  12:37  SCV, Defensive Drone  
  38  12:54  SCV  
  39  13:10  SCV  
  40  13:26  Defensive Drone  
  40  13:47  SCV  
  41  14:04  SCV  
  42  14:21  SCV  
  43  14:30  Defensive Drone  
  43  14:38  SCV  
  44  14:55  SCV  
  45  15:38  Defensive Drone  
  45  15:52  Strike Goliath  
  45  15:56  Heavy Siege Tank  
  45  15:58  Heavy Siege Tank  
  63  16:36  Terran Vehicle and Ship Weapons Level 2  
  63  17:26  Defensive Drone  
  63  17:41  Defensive Drone  
  63  18:47  Defensive Drone  
  63  18:52  Instant Regeneration  
  63  19:46  Terran Vehicle And Ship Armor Level 2  
  63  20:07  Strike Goliath  
  63  20:09  Heavy Siege Tank  
  75  20:10  Heavy Siege Tank  
  80  23:21  Defensive Drone  
  80  23:41  Defensive Drone  
  74  24:01  Defensive Drone  
  74  24:24  Tactical Airlift  
  76  24:34  Defensive Drone  
  71  24:59  Defensive Drone  
  71  25:28  Defensive Drone  
  68  25:44  Strike Goliath  
  68  25:47  Defensive Drone  
  72  25:50  Heavy Siege Tank  
Tags
 
Commander
NovaSwann
Matchup
Co-op
Replay Pack
Multiplayer
Add a new tag
Caveats
  • Supply blocks, unpowered buildings, or Contaminate may cause inaccurate times.
  • Supply counts are checked every 10 seconds.